 Dungeon Crawl Stone Soup version 0.19-a0-1632-g69b3feb (webtiles) character file.

67 PurpleRed the Firebug (level 4, -2/36 HPs)
             Began as a Kobold Fire Elementalist on Sept 19, 2016.
             Was an Initiate of Vehumet.
             Succumbed to a water moccasin's poison
             ... on level 5 of the Dungeon.
             The game lasted 00:09:14 (1117 turns).

PurpleRed the Firebug (Kobold Fire Elementalist)    Turns: 1117, Time: 00:09:15

Health: -2/36      AC:  2    Str: 10    XL:     4   Next: 38%
Magic:  8/8        EV: 15    Int: 17    God:    Vehumet [......]
Gold:   180        SH:  0    Dex: 15    Spells: 2 memorised, 5 levels left

rFire  . . .     SeeInvis .     i - +2 whip (elec)
rCold  + . .     Gourm    .     a - +0 robe
rNeg   . . .     Faith    .     (shield restricted)
rPois  .         Spirit   .     (no helmet)
rElec  .         Dismiss  .     (no cloak)
rCorr  .         Reflect  .     (no gloves)
MR     .....     Harm     .     (no boots)
Stlth  ..........               (no amulet)
                                (no ring)
                                n - ring of protection from cold

@: berserking (expiring), lethally poisoned (-2 -> -45), very quick
A: carnivore 3
a: Renounce Religion


You were on level 5 of the Dungeon.
You worshipped Vehumet.
Vehumet was noncommittal.
You were hungry.

You visited 2 branches of the dungeon, and saw 6 of its levels.

You collected 180 gold pieces.

Inventory:

Hand Weapons
 i - a +2 whip of electrocution (weapon)
Armour
 a - a +0 robe (worn)
Jewellery
 n - a ring of protection from cold (left hand)
Scrolls
 f - a scroll of blinking
 j - a scroll of teleportation
 l - 3 scrolls of remove curse
 m - a scroll of recharging {unknown}
Potions
 e - 2 potions of mutation
 g - 2 potions of curing
 h - a potion of cancellation
 k - 2 potions of heal wounds
Books
 b - a book of Flames

   Spells                             Type                      Level
   a - Flame Tongue                   Conjuration/Fire             1
   b - Throw Flame                    Conjuration/Fire             2
   c - Conjure Flame                  Conjuration/Fire             3
   d - Inner Flame                    Hexes/Fire                   3
   e - Sticky Flame                   Conjuration/Fire             4
   f - Fireball                       Conjuration/Fire             5
Comestibles
 c - 2 meat rations
 o - a beef jerky


   Skills:
 - Level 2.4 Dodging
 - Level 2.6 Stealth
 + Level 3.1 Spellcasting
 + Level 2.4 Conjurations
 + Level 3.6 Fire Magic


You had 5 spell levels left.
You knew the following spells:

 Your Spells              Type           Power        Failure   Level  Hunger
a - Flame Tongue          Conj/Fire      ##...        6%          1    None
b - Conjure Flame         Conj/Fire      ##......     17%         3    ###....


Dungeon Overview and Level Annotations

Branches:
Dungeon (5/15)             Temple (1/1) D:4

Altars:
Ashenzari
Cheibriados
Dithmenos
Fedhas
Gozag
Hepliaklqana
Kikubaaqudgha
Makhleb
Okawaru
Qazlal
Ru
Sif Muna
Vehumet
Yredelemnul
Zin
The Shining One

Annotations:
D:5 Menkaure


Innate Abilities, Weirdness & Mutations

You are small and have problems with some larger weapons.
You are carnivorous and can eat meat at any time.


Message History

You feel sick. The water moccasin closely misses you.
You closely miss the water moccasin.
The water moccasin is severely wounded.
You feel sick. The water moccasin bites you.
* * * LOW HITPOINT WARNING * * *
You are more poisoned.
The water moccasin poisons you!
You closely miss the water moccasin.
The water moccasin is severely wounded.
* * * LOW HITPOINT WARNING * * *
You feel very sick. The water moccasin misses you.
You miss the water moccasin.
The water moccasin is severely wounded.
* * * LOW HITPOINT WARNING * * *
You feel sick.
The water moccasin bites you but does no damage.
You closely miss the water moccasin.
The water moccasin is severely wounded.
You die...

##### #..%#
#...# #...#
##...# ####....#
##.@SZ...#####
###..###.......#
#
##########...##
#........
###....<.....###
.........
....##########
#S........ ..###
#......... ..#
.......... ...
.......... ##.#
.##.....M..


You could see a water moccasin and a howler monkey zombie.

Vanquished Creatures
  An orc priest (D:4)
  An adder (D:2)
  A worm (D:4)
  An orc (D:4)
  A ball python (D:4)
  4 giant cockroaches
  5 goblins
  3 hobgoblins (D:1)
  A bat (D:1)
  4 frilled lizards (D:1)
  2 kobolds (D:1)
  A rat (D:1)
25 creatures vanquished.

Notes
Turn   | Place    | Note
-------+----------+-------------------------------------------
     0 | D:1      | PurpleRed the Kobold Fire Elementalist began the quest for the Orb.
     0 | D:1      | Reached XP level 1. HP: 10/10 MP: 3/3
   135 | D:1      | Reached XP level 2. HP: 13/15 MP: 0/5
   419 | D:2      | Reached XP level 3. HP: 8/19 MP: 0/6
   529 | D:3      | Learned a level 3 spell: Conjure Flame
   721 | D:4      | Reached XP level 4. HP: 11/24 MP: 3/8
   834 | D:5      | Entered Level 5 of the Dungeon
   879 | D:4      | Found a staircase to the Ecumenical Temple.
   889 | Temple   | Entered the Ecumenical Temple
   947 | Temple   | Became a worshipper of Vehumet
  1060 | D:4      | Found a glowing golden altar of the Shining One.
  1100 | D:5      | Noticed Menkaure
  1100 | D:5      | Noticed a water moccasin
  1116 | D:5      | HP: 1/36 [poisoned by a water moccasin]
  1117 | D:5      | Succumbed to a water moccasin's poison

Vault maps used:
D:1:      minmay_arrival_diagonal_passages, hangedman_glass_teeth
D:2:      lemuel_crystal_altar
D:3:      ecumenical_altar_2
D:4:      tso_oasis_becter, first_bread
D:5:      st_stairs_8, grunt_dithmenos_smoke_and_mirrors, uniq_menkaure
Temple:   eino_temple_rhombus

Skill      XL: |  1  2  3 |
---------------+----------+-----
Conjurations   | 2 |  2.4
Spellcasting   | 3 |  3.1
Dodging        | |  2.4
Stealth        | |  2.6
Fire Magic     | |  3.6

Action                   |  1- 3 |  4- 6 || total
-------------------------+-------+-------++-------
Melee: Unarmed           |     7 |       ||     7
       Whip              |       |    15 ||    15
 Cast: Flame Tongue      |    37 |     6 ||    43
  Use: Scroll            |     9 |     1 ||    10
       Potion            |       |     1 ||     1
 Stab: Sleeping          |       |     1 ||     1
Armor: Robe              |     4 |     1 ||     5
Dodge: Dodged            |    16 |     7 ||    23
